 Dungeon Crawl Stone Soup version 0.27-a0-1140-g099f9bb0e8 (webtiles) character file.

Game seed: 873945719886885971

289 Ijustatesigmund the Chopper (level 6, -5/43 HPs)
             Began as an Octopode Fighter on May 10, 2021.
             Slain by a kobold brigand
             ... wielding a +0 club
              (8 damage)
             ... on level 3 of the Dungeon.
             The game lasted 00:03:50 (3484 turns).

Ijustatesigmund the Chopper (Octopode Fighter)      Turns: 3484, Time: 00:03:52

Health: -5/43      AC:  1    Str: 15    XL:     6   Next: 31%
Magic:  6/6        EV: 13    Int: 11    God:
Gold:   91         SH:  9    Dex: 19    Spells: 5/5 levels left

rFire    + . .     SeeInvis .   l - +4 hand axe (vamp)
rCold    + . .     Faith    .   b - +0 kite shield
rNeg     . . .     Spirit   .   (helmet restricted)
rPois    .         Reflect  .   (no amulet)
rElec    .         Harm     .   e - +6 ring of dexterity
rCorr    .         Rampage  .   h - ring of protection from fire
Will     .....                  k - ring of wizardry
Stlth    +++.......             m - ring of protection from cold
HPRegen  0.14/turn              (no ring)
MPRegen  0.10/turn              (no ring)
                                (no ring)
                                (no ring)

@: lethally poisoned (-5 -> -10)
A: almost no armour, amphibious, 8 rings, camouflage 1, gelatinous body 1,
(nimble swimmer 1), tentacles
a: no special abilities


You were on level 3 of the Dungeon.
You visited 1 branch of the dungeon, and saw 3 of its levels.

You collected 91 gold pieces.

Inventory:

Hand Weapons
 a - a +0 war axe
 l - a +4 vampiric hand axe (weapon)
Armour
 b - a +0 kite shield (worn)
Jewellery
 e - a +6 ring of dexterity (left tentacle)
 h - a ring of protection from fire (right tentacle)
 k - a ring of wizardry (on tentacle)
 m - a ring of protection from cold (on tentacle)
Wands
 c - a wand of polymorph (2)
Scrolls
 d - 3 scrolls of identify {unknown}
 f - 3 scrolls of enchant weapon {unknown}
 g - a scroll of summoning {unknown}
 i - a scroll of vulnerability {unknown}
 j - 2 scrolls of teleportation {unknown}
 n - a scroll of amnesia {unknown}


   Skills:
 + Level 4.3 Fighting
 + Level 4.3 Axes
 - Level 3.9 Dodging
 - Level 3.8 Shields


You had 5 spell levels left.
You didn't know any spells.
Your spell library contained the following spells:

 Spells                   Type           Power      Damage    Failure   Level
 Beastly Appendage        Tmut           0%         N/A       50%         1
 Wereblood                Tmut           0%         N/A       63%         2
 Spider Form              Tmut/Pois      0%         N/A       85%         3
 Ice Form                 Ice/Tmut       0%         N/A       99%         4
 Hydra Form               Tmut           0%         N/A       100%        5


Dungeon Overview and Level Annotations

Branches:
Dungeon (3/15)

Altars:


Innate Abilities, Weirdness & Mutations

You cannot wear most types of armour.
You are amphibious.
You can wear up to eight rings at the same time.
Your skin changes colour to match your surroundings (Stealth+).
Your rubbery body absorbs attacks. (AC +1, EV +1)
((You are camouflaged near water. (Stealth+)))
You have tentacles for arms and can constrict up to eight enemies at once.


Message History

a +0 club; an adder corpse You see here a +0 club.
You see here a +0 whip.
You see here a +0 club.
Things that are here:
a +0 club; a +0 club; a +0 club 2 kobold brigands come into view.
A kobold brigand is wielding a +0 dagger of venom and quivering curare-tipped darts.
A kobold brigand is wielding a +0 club and quivering curare-tipped darts.
Found an orange potion and a book of Changes.
Found a scroll labelled DOIKENO IDGHAC and 6 gold pieces.
The kobold brigand shouts!
You hit the kobold brigand but do no damage.
You grab the kobold brigand. You closely miss the kobold brigand.
You constrict the kobold brigand. You block the kobold brigand's attack.
The kobold brigand hits you with a +0 club!
You hit the kobold brigand.
You feel better.
The kobold brigand is lightly wounded.
You hit the kobold brigand.
You feel better.
You constrict the kobold brigand. You block the kobold brigand's attack.
The kobold brigand hits you with a +0 club!
The kobold brigand hits you with a +0 dagger of venom.
You are poisoned.
You closely miss the kobold brigand. You grab the kobold brigand.
You squeeze the kobold brigand!
The kobold brigand is heavily wounded.
You hit the kobold brigand but do no damage.
You constrict the kobold brigand. x2
You feel very sick.
The kobold brigand hits you with a +0 club!
* * * LOW HITPOINT WARNING * * *
The kobold brigand barely misses you.
The kobold brigand completely misses you.
You hit the kobold brigand.
You feel better.
The kobold brigand is severely wounded.
You hit the kobold brigand but do no damage.
You constrict the kobold brigand. x2; You feel sick.
The kobold brigand hits you with a +0 dagger of venom!
* * * LOW HITPOINT WARNING * * *
The kobold brigand hits you with a +0 club!
You die...

#.# ### #.# #.# #.# #.#
#.# ####### ..#
###.####.# #...... .##
###........###.##### .#
#####...≈≈≈≈≈...........
.#
#.....≈≈≈≈≈≈≈≈....######
.#
#.######≈≈≈≈≈≈≈≈###.....
.#
#.#$:.K###≈######.....))
.#
#.#?!.K@.###.......#####
.######
#.#####..........###≈≈≈#
......# #.#
###...######≈≈≈≈≈≈
#####.# #.# #.#####
#≈≈≈≈≈≈≈≈
#####.####.#####..#
##..≈≈≈.
#.................#
##.....
#.###.#####.####).#
#..... #.# #........#
#..# ###.## #.#
#######..# #..# #.#


You could see 2 kobold brigands.

Vanquished Creatures
  A scorpion (D:3)
  A hound (D:3)
  Terence (D:3)
  Robin (D:3)
  7 adders
  2 worms (D:3)
  3 dart slugs
  8 endoplasms
  7 hobgoblins
  6 jackals
  20 kobolds
  A quokka (D:1)
  7 ball pythons
  3 bats
  3 frilled lizards (D:1)
  16 goblins
  10 rats
97 creatures vanquished.

Notes
Turn   | Place    | Note
-------+----------+-------------------------------------------
     0 | D:1      | Ijustatesigmund the Octopode Fighter began the quest for
                  | the Orb.
     0 | D:1      | Reached XP level 1. HP: 16/16 MP: 1/1
    69 | D:1      | Reached XP level 2. HP: 21/21 MP: 2/2
   565 | D:1      | Reached XP level 3. HP: 18/26 MP: 3/3
  1225 | D:2      | Reached XP level 4. HP: 31/31 MP: 4/4
  1337 | D:2      | Found a faded altar of an unknown god.
  2071 | D:3      | Noticed Terence
  2304 | D:3      | Killed Terence
  2305 | D:3      | Reached XP level 5. HP: 7/37 MP: 5/5
  2467 | D:3      | Noticed Robin
  2472 | D:3      | Killed Robin
  3067 | D:3      | Reached XP level 6. HP: 36/43 MP: 6/6
  3484 | D:3      | Slain by a kobold brigand

Illustrated notes

Levels and vault maps discovered:
D:1:      dpeg_arrival_pond, layout_rooms, minmay_tromino_v7
D:2:      layout_loops_corners, chequers_ecumenical_altar_twisty
D:3:      cheibrodos_thug_alley, layout_loops_ring, uniq_terence, uniq_robin

Skill      XL: |  1  2  3  4  5 |
---------------+----------------+-----
Axes           | 3 4 |  4.3
Fighting       | 4 |  4.3
Dodging        | |  3.9
Shields        | |  3.8

Action                   |  1- 3 |  4- 6 || total
-------------------------+-------+-------++-------
Melee: War axe           |    56 |    40 ||    96
       Constrict         |    14 |    28 ||    42
       Tentacles         |    13 |    21 ||    34
       Hand axe          |       |    61 ||    61
  Use: Potion            |       |     1 ||     1
 Stab: Sleeping          |     6 |    11 ||    17
Armor: Skin              |     1 |     8 ||     9
Dodge: Dodged            |    25 |    34 ||    59
Block: Kite shield       |    23 |    32 ||    55

Table legend: (Time is in decaauts)
 A = Elapsed time spent in this place.
 B = Non-inter-level travel time spent in this place.
 C = Inter-level travel time spent in this place.
 D = Time resting spent in this place.
 E = Time spent auto-exploring this place.
 F = Levels seen in this place.
 G = Mean time per level.
                   A        B        C        D        E       F      G
               +--------+--------+--------+--------+--------+-----+--------+
         Total |   3559 |   3516 |     43 |    686 |   2233 |   3 | 1186.3 |
       Dungeon |   3559 |   3516 |     43 |    686 |   2233 |   3 | 1186.3 |
               +--------+--------+--------+--------+--------+-----+--------+

Top non-repeatable levels by time:
     D:3: 1450 daAuts
     D:2: 1062 daAuts
     D:1: 1046 daAuts
